 Dungeon Crawl Stone Soup version 0.21.1-1-g345015f (webtiles) character file.

93 Lapis the Digger (level 4, -4/24 HPs)
             Began as a Gargoyle Earth Elementalist on Feb 10, 2018.
             Slain by anp's ghost (7 damage)
             ... on level 3 of the Dungeon.
             The game lasted 00:03:05 (1593 turns).

Lapis the Digger (Gargoyle Earth Elementalist)      Turns: 1593, Time: 00:03:06

Health: -4/24      AC:  7    Str: 11    XL:     4   Next: 61%
Magic:  0/7        EV: 12    Int: 17    God:
Gold:   199        SH:  0    Dex: 10    Spells: 2/8 levels left

rFire    . . .     SeeInvis .   f - +0 whip
rCold    . . .     Gourm    .   (no shield)
rNeg     + . .     Faith    .   j - +2 robe {MR+}
rPois    ∞         Spirit   .   (no helmet)
rElec    +         Reflect  .   (no cloak)
rCorr    .         Harm     .   (no gloves)
MR       +....                  (no boots)
Stlth    ++........             (no amulet)
HPRegen  0.08/turn              (no ring)
MPRegen  0.10/turn              (no ring)

@: hasted, very quick
A: negative energy resistance 1, electricity resistance, unbreathing,
petrification resistance, rot immunity, AC +3
a: no special abilities


You were on level 3 of the Dungeon.
You were hungry.

You visited 1 branch of the dungeon, and saw 3 of its levels.

You collected 199 gold pieces.

Inventory:

Hand Weapons
 f - a +0 whip (weapon)
Missiles
 b - 72 stones (quivered)
 g - 5 javelins
Armour
 j - a +2 robe of magic resistance (worn)
Scrolls
 h - a scroll of remove curse
 i - 5 scrolls of identify
Books
 e - a book of Geomancy

   Spells                             Type                      Level
   a - Sandblast                      Earth                        1
   b - Passwall                       Transmutation/Earth          2
   c - Stone Arrow                    Conjuration/Earth            3
   d - Petrify                        Transmutation/Earth          4
   e - Lee's Rapid Deconstruction     Earth                        5
Comestibles
 a - a chunk of flesh
 d - 2 rations


   Skills:
 + Level 2.4 Dodging
 - Level 2.1 Stealth
 * Level 2.6 Spellcasting
 * Level 0.2 Conjurations
 + Level 0.7 Transmutations
 + Level 5.1 Earth Magic


You had 2 spell levels left.
You knew the following spells:

 Your Spells              Type           Power        Failure   Level  Hunger
a - Sandblast             Erth           ###...       2%          1    #......
b - Passwall              Tmut/Erth      ##........   9%          2    ##.....
c - Stone Arrow           Conj/Erth      ##....       19%         3    ###....


Dungeon Overview and Level Annotations

Branches:
Dungeon (3/15)

Altars:
Ashenzari

Annotations:
D:3 anp's ghost, novice GnMo


Innate Abilities, Weirdness & Mutations

You are resistant to torment.
Your stone body is resilient. (AC +3)
You are immune to poison.
You resist negative energy. (rN+)
You are resistant to electric shocks. (rElec)
You can survive without breathing.
You are immune to petrification.
You are immune to rotting.


Message History

Aim: anp's ghost (heavily damaged)
The blast of sand hits anp's ghost.
Anp's ghost is heavily damaged.
b - 72 stones You barely miss anp's ghost.
Anp's ghost is heavily damaged.
Anp's ghost hits you.
* * * LOW HITPOINT WARNING * * *
You closely miss anp's ghost.
Anp's ghost is heavily damaged.
Anp's ghost hits you but does no damage.
You miss anp's ghost.
Anp's ghost is heavily damaged.
Anp's ghost closely misses you.
You hit anp's ghost.
Anp's ghost is heavily damaged.
You hit anp's ghost.
Anp's ghost is heavily damaged.
Anp's ghost hits you!
You die...

#. .. .### ######
.P. .....##### .P ≈
#......# .# .≈≈
#....(.#####.#P..♣≈
##.......@W.†.....l♣
#......######.#.#P..
##......# ...
#....#### .#.#
##.### ...# #...###
.# # ..#._. .. ###..
.# .###


You could see anp's ghost.

Vanquished Creatures
  A gnoll (D:1)
  3 adders (D:2)
  2 oozes (D:1)
  A worm (D:2)
  A dart slug (D:2)
  2 leopard geckos
  An orc (D:3)
  A giant cockroach (D:1)
  2 goblins
  4 hobgoblins
  6 jackals
  4 kobolds
  A quokka (D:2)
  5 bats
  3 frilled lizards
  2 rats (D:2)
39 creatures vanquished.

Notes
Turn   | Place    | Note
-------+----------+-------------------------------------------
     0 | D:1      | Lapis the Gargoyle Earth Elementalist began the quest for the Orb.
     0 | D:1      | Reached XP level 1. HP: 10/10 MP: 3/3
   141 | D:1      | Reached skill level 4 in Earth Magic
   141 | D:1      | Reached XP level 2. HP: 12/15 MP: 5/5
   369 | D:1      | Reached XP level 3. HP: 16/19 MP: 6/6
   865 | D:2      | Reached XP level 4. HP: 17/24 MP: 7/7
  1034 | D:2      | Reached skill level 5 in Earth Magic
  1307 | D:2      | Learned a level 2 spell: Passwall
  1311 | D:2      | Learned a level 3 spell: Stone Arrow
  1559 | D:3      | Found a shattered altar of Ashenzari.
  1571 | D:3      | Noticed anp's ghost (novice GnMo)
  1593 | D:3      | Slain by anp's ghost

Skill      XL: |  1  2  3  4 |
---------------+-------------+-----
Earth Magic    | 4 5 |  5.1
Dodging        | 2 |  2.4
Stealth        | |  2.1
Spellcasting   | |  2.6
Conjurations   | |  0.2
Transmutations | |  0.7

Action                   |  1- 3 |  4- 6 || total
-------------------------+-------+-------++-------
Melee: Whip              |    99 |    80 ||   179
 Cast: Sandblast         |     6 |    12 ||    18
  Use: Scroll            |       |     3 ||     3
       Potion            |       |     1 ||     1
 Stab: Sleeping          |     2 |     2 ||     4
  Eat: Chunk             |       |     2 ||     2
Armor: Robe              |    45 |    37 ||    82
Dodge: Dodged            |    72 |    67 ||   139
